 Dungeon Sprint DCSS version 0.20-a0-640-g62ed22f (webtiles) character file.

50 esc the Skirmisher (level 6, -11/53 HPs)
             Began as a Demonspawn Fighter on Feb 12, 2017.
             Was a Priest of Makhleb.
             Killed by a guardian mummy's death curse (30 damage)
             ... in the Dungeon (Sprint VI: "Thunderdome").
             The game lasted 00:04:15 (396 turns).

esc the Skirmisher (Demonspawn Fighter)              Turns: 396, Time: 00:04:15

Health: -11/53     AC:  7    Str: 23    XL:     6   Next: 13%
Magic:  6/6        EV: 16    Int: 10    God:    Makhleb [***...]
Gold:   100        SH: 11    Dex: 17    Spells: 5/5 levels left

rFire    . . .     SeeInvis +   a - +0 trident
rCold    + + +     Gourm    +   b - +0 scale mail
rNeg     . . .     Faith    .   c - +0 shield
rPois    +         Spirit   .   (helmet unavailable)
rElec    .         Reflect  .   (no cloak)
rCorr    .         Harm     .   (no gloves)
MR       +....     NoTele   +   (no boots)
Stlth    ++........             p - amulet "Ludghimef" {Gourm rC++}
Regen    0.2/turn               r - ring of the Hero {Ice rPois}
MPRegen  0.1/turn               s - ring of Boejuzer {rF+ MR+ Stlth+}

@: mighty, agile, very slightly contaminated, hasted, very quick
A: antennae 3, powered by pain 1
a: Minor Destruction, Lesser Servant of Makhleb, Renounce Religion


You were in the Dungeon.
You worshipped Makhleb.
Makhleb was most pleased with you.
You were very full.

You visited 1 branch You collected 280 gold pieces.
You spent 180 gold pieces at shops.

Inventory:

Hand Weapons
 a - a +0 trident (weapon)
Armour
 b - a +0 scale mail (worn)
 c - a +0 shield (worn)
Jewellery
 p - the amulet "Ludghimef" (around neck) {Gourm rC++}
   (You bought it in a shop in the Dungeon)

   [amulet of the gourmand]

   It allows you to eat raw meat even when not hungry.
   It greatly protects you from cold.
 r - the ring of the Hero (right hand) {Ice rPois}
   (You bought it in a shop in the Dungeon)

   [ring of ice]

   It enhances your ice magic.
   It makes you vulnerable to fire.
   It protects you from cold.
   It protects you from poison.
 s - the ring of Boejuzer (left hand) {rF+ MR+ Stlth+}
   (You bought it in a shop in the Dungeon)

   [ring of protection from fire]

   It protects you from fire.
   It affects your resistance to hostile enchantments.
   It makes you more stealthy.
Wands
 l - a wand of acid (5/15)
   (You found it in the Dungeon)
 m - a wand of iceblast (5/15)
   (You found it in the Dungeon)
Scrolls
 k - 4 scrolls of blinking {!r}
 n - 3 scrolls of fog
Potions
 e - a potion of curing
 g - 4 potions of heal wounds
 h - 3 potions of haste
 i - 2 potions of magic
 o - a potion of resistance
Comestibles
 f - a bread ration {@e1}


   Skills:
 + Level 6.4 Fighting
 + Level 5.6 Polearms
 + Level 5.9 Armour
 + Level 5.0 Dodging
 + Level 5.9 Shields


You had 5 spell levels left.
You didn't know any spells.

Dungeon Overview and Level Annotations

Branches:
Dungeon (1/1)

Altars:
Cheibriados
Dithmenos
Fedhas
Gozag
Kikubaaqudgha
Makhleb
Okawaru
Qazlal
Ru
Sif Muna
Trog
Uskayaw
Vehumet
Xom
Yredelemnul
Zin
The Shining One
Beogh
Jiyva
Lugonu

Shops:
D *[%??*?*:[((!!!!


Innate Abilities, Weirdness & Mutations

You have a pair of large antennae on your head. (SInv)
You sometimes gain a little power by taking damage.


Message History

You puncture the ball python!
You kill the ball python!
Makhleb accepts your kill.
You feel better.
Victory!
Score multiplier: 3x You now have 50 arena points (gained 36).
You see here a ball python corpse.
You butcher the ball python corpse.
j - 2 chunks of flesh {@w0} You now have 100 gold pieces (gained 60).
You see here a ball python corpse.
You butcher the ball python corpse.
j - 3 chunks of flesh {@w0} (gained 1)
You start resting.
Eating one of 3 chunks of flesh {@w0}.
You eat one of the 3 chunks of flesh {@w0}.
This raw flesh tastes good.
Eating one of 2 chunks of flesh {@w0}.
You eat one of the 2 chunks of flesh {@w0}.
This raw flesh tastes good.
Eating a chunk of flesh {@w0}.
You eat the chunk of flesh {@w0}.
This raw flesh tastes good.
Health restored: 44 Done exploring.
Get ready!
ROUND 3!
FIGHT!
LIGHTNING ROUND!
Menkaure, Prince of Dust comes into view.
Menkaure shouts!
Menkaure casts a spell at you. You resist with some effort.
Okay, then.
You feel very mighty all of a sudden.
Attack whom?
Aim: Menkaure You reach to attack!
You hit Menkaure. You closely miss Menkaure. Menkaure hits you.
You take 1 damage, and have 43/44 hp.
You impale Menkaure!! You closely miss Menkaure. You block Menkaure's attack.
You puncture Menkaure!
You destroy Menkaure!
Makhleb accepts your kill.
Your Fighting skill increases to level 6!
Your Polearms skill increases to level 5!
You have reached level 6!
Your experience leads to an increase in your attributes!
Your base attributes are Str 17, Int 10, Dex 12.
Increase (S)trength, (I)ntelligence, or (D)exterity?
You feel stronger.
Your demonic ancestry asserts itself...
You feel energised by your suffering.
You regained 8 hp, and now have 51/52 hp.
MP restored: 6 Health restored: 52 50...
A mummy comes into view.
A guardian mummy comes into view.
You puncture the mummy! You puncture the mummy!
You destroy the mummy!
Makhleb accepts your kill.
Your Dodging skill increases to level 5!
Health restored: 53 Attack whom?
Aim: a guardian mummy You reach to attack!
Your shield and scale mail prevent you from hitting the guardian mummy.
You hit the guardian mummy. You puncture the guardian mummy!
You block the guardian mummy's attack.
You closely miss the guardian mummy. The guardian mummy hits you!
You take 16 damage, and have 37/53 hp.
MASSIVE DAMAGE!!
You puncture the guardian mummy! You block the guardian mummy's attack.
You feel yourself speed up. The guardian mummy hits you!
You focus on the pain.
You feel mightier all of a sudden.
You are very lightly contaminated with residual magic.
You take 10 damage, and have 28/53 hp.
You hit the guardian mummy.
A mummy comes into view.
You closely miss the guardian mummy.
The guardian mummy hits you but does no damage.
You barely miss the guardian mummy. You hit the guardian mummy.
The guardian mummy hits you!
* * * LOW HITPOINT WARNING * * *
You focus on the pain.
You feel agile all of a sudden.
You take 16 damage, and have 12/53 hp.
MASSIVE DAMAGE!!
You are too injured to fight recklessly!
You are too injured to fight recklessly!
You puncture the guardian mummy! You puncture the guardian mummy!
You block the guardian mummy's attack.
You puncture the guardian mummy!
You destroy the guardian mummy!
Makhleb accepts your kill.
You can now summon a lesser servant of Makhleb.
You feel better.
You feel extremely nervous for a moment...
You convulse helplessly as pain tears through your body!
Ouch! That really hurt!
You die...

######.8.........8.######
##∩__.......###.......__∩#
###∩........8.# #.8........∩
##.............###...........
#⌠..........###...###........
#⌠..........# #{<.# #........
#⌠..........###...###........
##.............###...........
###∩.......@8.# #.8........∩
##∩_._......###......___∩#
######.8.........8.######
#⌠...........⌠#
###.........### #_......._#
#_......._# #_......._#
#∩.......∩#


There were no monsters in sight!

Vanquished Creatures
  Menkaure (D)
  A water moccasin (D)
  A mummy (D)
  6 adders (D)
  4 ball pythons (D)
13 creatures vanquished.

Notes
Turn   | Place    | Note
-------+----------+-------------------------------------------
     0 | D        | esc the Demonspawn Fighter began the quest for the Orb.
     0 | D        | Reached XP level 1. HP: 18/18 MP: 1/1
     1 | D        | Found an ancient bone altar of Kikubaaqudgha.
     1 | D        | Found a bloodstained altar of Trog.
     2 | D        | Found a roughly hewn altar of Beogh.
     3 | D        | Found a glowing golden altar of the Shining One.
     3 | D        | Found a basalt altar of Yredelemnul.
     4 | D        | Found Wudyngom's Identification Station.
     4 | D        | Found a corrupted altar of Lugonu.
     4 | D        | Found Vyocem's Bee Food.
     5 | D        | Found Icziq's Advanced Armour.
     5 | D        | Found Bamim's Jewellery.
     5 | D        | Round 1.
     7 | D        | Found a deep blue altar of Sif Muna.
    13 | D        | Bought a shimmering garnet amulet for 45 gold pieces
    13 | D        | Bought a coiled silver ring for 45 gold pieces
    13 | D        | Bought a wavering iron ring for 45 gold pieces
    13 | D        | Identified the amulet "Ludghimef" {Gourm rC++} (You bought it in a shop in the Dungeon)
    14 | D        | Identified the ring of Zezen {*Slow +Blink +Fly Dex+3} (You bought it in a shop in the Dungeon)
    15 | D        | Identified the ring of the Hero {Ice rPois} (You bought it in a shop in the Dungeon)
    16 | D        | Bought an ancient glass ring for 45 gold pieces
    17 | D        | Identified the ring of Boejuzer {rF+ MR+ Stlth+} (You bought it in a shop in the Dungeon)
    40 | D        | Reached skill level 2 in Polearms
    40 | D        | Reached skill level 3 in Armour
    40 | D        | Reached skill level 1 in Dodging
    40 | D        | Reached skill level 3 in Shields
    40 | D        | Gained mutation: You have a pair of small antennae on your head. [demonic ancestry]
    40 | D        | Reached XP level 2. HP: 24/24 MP: 2/2
    43 | D        | Found a shimmering altar of Xom.
    43 | D        | Found Boxkasm's Premium Goods.
    43 | D        | Found Isukhlie's Miscellaneous Merchandise.
    44 | D        | Found Lesite's Basic Armour.
    45 | D        | Found a hide-covered altar of Uskayaw.
    45 | D        | Found an iron altar of Okawaru.
    45 | D        | Found a radiant altar of Vehumet.
    45 | D        | Found Zonnudap's Weapon Rack.
    49 | D        | Found an opulent altar of Gozag.
    50 | D        | Found a snail-covered altar of Cheibriados.
    51 | D        | Found a viscous altar of Jiyva.
    52 | D        | Found Juehipse's Do-It-Yourself Clinic.
    53 | D        | Found Oqit's Bottled Wisdom.
    53 | D        | Found Wijisiuf's Distillery.
    54 | D        | Found a stormy altar of Qazlal.
    54 | D        | Found a sacrificial altar of Ru.
    54 | D        | Found Eliurchifui's Distillery.
    59 | D        | Reached skill level 2 in Dodging
    59 | D        | Gained mutation: You have a pair of antennae on your head. [demonic ancestry]
    59 | D        | Reached XP level 3. HP: 28/30 MP: 3/3
    65 | D        | Found a burning altar of Makhleb.
    67 | D        | Found a glowing silver altar of Zin.
    68 | D        | Found Gaaro's Staff Store.
    69 | D        | Found Dagiur's Must-Have Magic.
    69 | D        | Found Nuaruer's Magic Scroll Shop.
    73 | D        | Became a worshipper of Makhleb the Destroyer
    74 | D        | Found a shadowy altar of Dithmenos.
    74 | D        | Found a blossoming altar of Fedhas.
    74 | D        | Found Qiamicw's Magic Scroll Shop.
    81 | D        | Noticed a water moccasin
    86 | D        | Killed a water moccasin
    86 | D        | Reached skill level 5 in Fighting
    86 | D        | Reached skill level 4 in Polearms
    86 | D        | Reached skill level 4 in Armour
    86 | D        | Reached skill level 3 in Dodging
    86 | D        | Reached skill level 4 in Shields
    86 | D        | Reached XP level 4. HP: 39/39 MP: 4/4
   123 | D        | Arena points: 14 (+14) [x2]
   123 | D        | Reached skill level 5 in Armour
   123 | D        | Gained mutation: You have a pair of large antennae on your head. (SInv) [demonic ancestry]
   123 | D        | Reached XP level 5. HP: 38/44 MP: 5/5
   192 | D        | Round 2.
   231 | D        | Reached * piety under Makhleb
   239 | D        | Reached skill level 5 in Shields
   271 | D        | Reached skill level 4 in Dodging
   285 | D        | Reached ** piety under Makhleb
   289 | D        | Arena points: 50 (+36) [x3]
   355 | D        | Round 3.
   361 | D        | Noticed Menkaure
   369 | D        | Killed Menkaure
   369 | D        | Reached skill level 6 in Fighting
   369 | D        | Reached skill level 5 in Polearms
   369 | D        | Gained mutation: You sometimes gain a little power by taking damage. [demonic ancestry]
   369 | D        | Reached XP level 6. HP: 51/52 MP: 6/6
   380 | D        | Noticed a guardian mummy
   383 | D        | Reached skill level 5 in Dodging
   393 | D        | HP: 12/53 [guardian mummy (16)]
   396 | D        | Killed a guardian mummy
   396 | D        | Reached *** piety under Makhleb
   396 | D        | Killed by a guardian mummy's death curse

Vault maps used:
D:        arena_sprint

Skill      XL: |  1  2  3  4  5  6 |
---------------+-------------------+-----
Polearms       | 2 4 5 |  5.6
Armour         | 3 4 5 |  5.9
Dodging        | 1 2 3 4 5 |  5.0
Shields        | 3 4 5 |  5.9
Fighting       | 5 6 |  6.4

Action                   |  1- 3 |  4- 6 || total
-------------------------+-------+-------++-------
Melee: Trident           |    15 |    58 ||    73
  Use: Potion            |     1 |     2 ||     3
  Eat: Chunk             |       |     9 ||     9
Armor: Scale mail        |     6 |    13 ||    19
Dodge: Dodged            |     8 |     9 ||    17
Block: Shield            |     7 |    24 ||    31

Vault maps used:
D:        arena_sprint

Table legend:
 A = Turns spent in this place as a percentage of turns spent in the entire game.
 B = Non-inter-level travel turns spent in this place as a percentage of non-inter-level travel turns spent in the entire game.
 C = Inter-level travel turns spent in this place as a percentage of turns spent in this place.
 D = Turns resting spent in this place as a percentage of non-inter-level travel turns spent in this place.
 E = Turns spent auto-exploring this place as a percentage of non-inter-level travel turns spent in this place.
 F = Non-inter-level travel turns spent in this place divided by the number of levels of this place that you've seen.
                   A       B       C       D       E      F
               +-------+-------+-------+-------+-------+----------------------
         Total | 100.0 | 100.0 |   0.0 |   2.4 |   7.6 | 288.0
       Dungeon | 100.0 | 100.0 |   0.0 |   2.4 |   7.6 | 288.0
               +-------+-------+-------+-------+-------+----------------------

Table legend:
 A = Kills in this place as a percentage of kills in entire the game.
 B = Kills by you in this place as a percentage of kills by you in the entire game.
 C = Kills by friends in this place as a percentage of kills by friends in the entire game.
 D = Other kills in this place as a percentage of other kills in the entire game.
 E = Experience gained in this place as a percentage of experience gained in the entire game.
 F = Experience gained in this place divided by the number of levels of this place that you have seen.
                   A       B       C       D       E      F
               +-------+-------+-------+-------+-------+----------------------
         Total | 100.0 | 100.0 |  -nan |  -nan | 100.0 | 427.0
       Dungeon | 100.0 | 100.0 |  -nan |  -nan | 100.0 | 427.0
               +-------+-------+-------+-------+-------+----------------------
